 Dungeon Crawl Stone Soup version 0.18.1-6-gd335043 (webtiles) character file.

323 preste the Magician (level 6, -2/32 HPs)
             Began as a Deep Elf Ice Elementalist on May 16, 2016.
             Slain by a phantom (6 damage)
             ... on level 4 of the Dungeon.
             The game lasted 00:19:26 (4497 turns).

preste the Magician (Deep Elf Ice Elementalist)     Turns: 4497, Time: 00:19:27

Health: -2/32      AC:  5    Str:  5    XL:     6   Next: 23%
Magic:  3/16       EV: 13    Int: 22    God:
Gold:   194        SH:  0    Dex: 15    Spells: 5 memorised, 2 levels left

rFire  . . .     SeeInvis .     h - +2 dagger (venom)
rCold  . . .     Gourm    .     a - +1 robe
rNeg   . . .     Faith    .     (no shield)
rPois  .         Spirit   .     e - +0 helmet
rElec  .         Dismiss  .     (no cloak)
rCorr  .         Reflect  .     (no gloves)
SustAt .         Harm     .     m - +0 pair of boots
MR     .....                    (no amulet)
Stlth  ++........               (no ring)
                                (no ring)

@: very slightly contaminated, not resistant to hostile enchantments, unstealthy
A: no striking features
a: no special abilities


You were on level 4 of the Dungeon.
You were not hungry.

You visited 1 branch of the dungeon, and saw 4 of its levels.

You collected 194 gold pieces.

Inventory:

Hand Weapons
 d - a cursed -3 dagger
 h - a +2 dagger of venom (weapon)
Armour
 a - a +1 robe (worn)
 e - a +0 helmet (worn)
 f - a cursed +0 robe
 m - a +0 pair of boots (worn)
 u - a +0 robe
Jewellery
 i - a +2 ring of strength
Wands
 r - a wand of lightning (7/15)
 t - a wand of iceblast (8/15)
Scrolls
 j - a scroll of fear {unknown}
 w - a scroll of identify
Potions
 g - 2 potions of mutation
 l - a potion of flight
 n - a potion of haste
 o - a potion of ambrosia
 p - a potion of cancellation {unknown}
 q - a potion of degeneration {unknown}
 s - a potion of curing
 v - a potion of might {unknown}
Books
 b - a book of Frost

   Spells                             Type                      Level
   a - Freeze                         Ice                          1
   b - Throw Frost                    Conjuration/Ice              2
   c - Ozocubu's Armour               Charms/Ice                   3
   d - Throw Icicle                   Conjuration/Ice              4
   e - Summon Ice Beast               Ice/Summoning                4
Comestibles
 c - a bread ration
 k - 4 fruits


   Skills:
 - Level 2.4 Dodging
 - Level 2.4 Stealth
 + Level 5.8 Spellcasting
 + Level 3.5 Conjurations
 - Level 3.0 Charms
 + Level 4.7 Ice Magic


You had 2 spell levels left.
You knew the following spells:

 Your Spells              Type           Power        Failure   Level  Hunger
a - Freeze                Ice            ####         1%          1    None
b - Throw Frost           Conj/Ice       ###...       2%          2    None
c - Ozocubu's Armour      Chrm/Ice       ###.....     8%          3    ##.....
d - Throw Icicle          Conj/Ice       ###.....     17%         4    ####...
e - Summon Ice Beast      Ice/Summ       ###.....     38%         4    ####...


Dungeon Overview and Level Annotations

Branches:
Dungeon (4/15)
 Temple: D:4-7

Altars:
Fedhas
Kikubaaqudgha
Okawaru
Trog


Message History

You try to slip out of the net.
The gnoll shouts!
The phantom hits you but does no damage.
A gnoll comes into view. It is wielding a flail.
You try to slip out of the net.
The phantom barely misses you.
You slip out of the net!
The gnoll shouts!
The phantom hits you but does no damage.
You closely miss the phantom.
The phantom is moderately damaged.
The phantom closely misses you.
You hit the phantom but do no damage.
The phantom is moderately damaged.
The phantom hits you.
* * * LOW HITPOINT WARNING * * *
A gnoll comes into view. It is wielding a flail.
You closely miss the phantom.
The phantom is moderately damaged.
The phantom hits you.
You die...

##....# #..............# ......#
#.....[....)...#
##...###############'###...##...#
##...##..##.#....##).###...##...#
##...#................#....#....#
.....#................#....#....#
.....#................#....#....#
.....#................#....#....#
##...##....)##.W@.....#....#....#
##...#########.gg##...#....#....#
......#.....##...##...#....#....#
......+......#..g.....#....#....#
......#......#........#....#....#
.....##.....##.....>..#....#....#
.....##.....##........#....#....#
##..............g.....#.<..#...<#
##..........##...##..##....#....#


You could see a phantom and 4 gnolls.

Vanquished Creatures
  An ogre (D:4)
  A scorpion (D:4)
  A worker ant (D:3)
  5 adders
  4 oozes
  An adder skeleton (D:3)
  2 worms (D:2)
  2 dart slugs (D:1)
  2 giant geckos
  6 orcs
  3 giant cockroaches
  7 goblins
  13 hobgoblins
  4 jackals (D:2)
  10 bats
  A giant newt (D:3)
  10 kobolds
  A quokka skeleton (D:4)
  7 rats
81 creatures vanquished.

Vanquished Creatures (others)
  A wizard (D:4)
1 creature vanquished.

Grand Total: 82 creatures vanquished

Notes
Turn   | Place    | Note
--------------------------------------------------------------
     0 | D:1      | preste the Deep Elf Ice Elementalist began the quest for the Orb.
     0 | D:1      | Reached XP level 1. HP: 10/10 MP: 6/6
   203 | D:1      | Reached XP level 2. HP: 6/15 MP: 6/8
   294 | D:1      | Learned a level 2 spell: Throw Frost
   565 | D:1      | Reached XP level 3. HP: 17/19 MP: 2/10
   570 | D:1      | Learned a level 3 spell: Ozocubu's Armour
   702 | D:1      | Reached skill level 4 in Spellcasting
  1152 | D:2      | Found an iron altar of Okawaru.
  1231 | D:2      | Reached skill level 1 in Charms
  1613 | D:2      | Reached XP level 4. HP: 7/24 MP: 8/12
  2036 | D:2      | Learned a level 4 spell: Throw Icicle
  2320 | D:3      | Found a blossoming altar of Fedhas.
  2551 | D:3      | Reached skill level 5 in Spellcasting
  2551 | D:3      | Reached XP level 5. HP: 27/28 MP: 5/14
  2917 | D:3      | Found an ancient bone altar of Kikubaaqudgha.
  3444 | D:4      | Learned a level 4 spell: Summon Ice Beast
  3500 | D:4      | Noticed an ogre
  3510 | D:4      | Killed an ogre
  3510 | D:4      | Reached XP level 6. HP: 5/32 MP: 8/16
  3784 | D:4      | Found a bloodstained altar of Trog.
  3785 | D:4      | Noticed a wizard
  3928 | D:4      | Killed a wizard
  4497 | D:4      | Slain by a phantom

Skill      XL: |  1  2  3  4  5 |
---------------+----------------+-----
Ice Magic      | 4 |  4.7
Spellcasting   | 4 5 |  5.8
Charms         | 1 2 3 |  3.0
Conjurations   | 2 3 |  3.5
Dodging        | |  2.4
Stealth        | |  2.4

Action                   |  1- 3 |  4- 6 || total
-------------------------+-------+-------++-------
Melee: Unarmed           |     1 |       ||     1
       Dagger            |    56 |    53 ||   109
 Cast: Freeze            |    47 |    42 ||    89
       Throw Frost       |    15 |    27 ||    42
       Ozocubu's Armour  |     4 |     8 ||    12
       Throw Icicle      |       |     6 ||     6
  Use: Scroll            |     6 |     2 ||     8
       Potion            |       |     1 ||     1
 Stab: Sleeping          |       |     5 ||     5
  Eat: Chunk             |     2 |     6 ||     8
       Bread ration      |       |     1 ||     1
       Beef jerky        |       |     1 ||     1
Armor: Robe              |    33 |    26 ||    59
Dodge: Dodged            |    71 |    40 ||   111
